AoeStats
← Tabi

QS Arena

503333609Analyzed
2v2 RM · 1mo ago on Aug 31, 2026· 46m 35s· 4 players
Game mode
Random Map
Map size
Medium (4 player)
Population
200
Speed
Normal
Resources
Standard
Victory
Conquest
Starting age
Dark Age
Ending age
Imperial Age
RankedLock teamsTeams togetherTeam positionsShared explorationLock speedFull tech treeHidden civsTurbo modeCheats
Victory
Defeat
🇨🇳 Bohemians · China
817
+9
🇲🇾 Malay · Malaysia
795
+10
🇺🇸 Burmese · United States
665
-10
🇯🇵 Khmer · Japan
664
-10
铁大炮
9:02 Feudal Age
11:03 Loom
14:24 Castle Age
12:14 Double-Bit Axe
12:14 Horse Collar
17:36 Bow Saw
21:54 Wheelbarrow
21:41 Fervor
23:22 Chemistry
23:39 Hand Cart
23:25 Pikeman
24:00 Fletching
24:43 Town Watch
25:32 Town Patrol
25:59 Ballistics
25:21 Treadmill Crane
30:09 Imperial Age
30:49 Fortified Wall
30:34 Murder Holes
30:51 Masonry
30:52 Squires
30:38 Arson
33:13 Conscription
33:33 Bodkin Arrow
33:40 Padded Archer Armor
35:12 Wagenburg Tactics
36:09 Siege Engineers
35:55 Guard Tower
36:29 Bombard Tower
36:39 Architecture
36:29 Leather Archer Armor
36:14 Bracer
36:15 Scale Mail Armor
36:26 Forging
37:40 Ring Archer Armor
39:06 Iron Casting
38:46 Chain Mail Armor
38:01 Halberdier
44:57 Plate Mail Armor
45:27 Blast Furnace
ijn_king
7:38 Feudal Age
7:16 Double-Bit Axe
7:13 Horse Collar
9:47 Wheelbarrow
15:05 Castle Age
13:37 Stone Mining
14:04 Gold Mining
15:16 Heavy Plow
16:40 Bow Saw
28:27 Pikeman
29:07 Squires
33:02 Imperial Age
32:03 Elite Skirmisher
33:17 Forging
32:58 Fletching
33:08 Padded Archer Armor
34:16 Halberdier
36:12 Crop Rotation
36:24 Bodkin Arrow
36:45 Leather Archer Armor
37:24 Elite Karambit Warrior
38:35 Light Cavalry
41:46 Bracer
42:17 Ring Archer Armor
42:22 Iron Casting
41:53 Scale Barding Armor
46:03 Blast Furnace
44:27 Elite Battle Elephant
Tabi
9:21 Feudal Age
7:46 Loom
9:32 Feudal Age
15:54 Castle Age
14:06 Horse Collar
16:46 Heavy Plow
24:52 Fortified Wall
26:31 Wheelbarrow
25:44 Town Watch
28:17 Hand Cart
30:33 Imperial Age
29:27 Forging
29:17 Scale Mail Armor
29:26 Scale Barding Armor
31:25 Iron Casting
31:05 Chain Mail Armor
30:56 Gambesons
30:32 Man-at-Arms
31:15 Squires
31:02 Arson
31:08 Treadmill Crane
31:31 Murder Holes
31:42 Siege Engineers
31:48 Masonry
34:22 Blast Furnace
34:20 Bloodlines
34:11 Husbandry
33:35 Long Swordsman
34:50 Howdah
35:13 Conscription
34:44 Two-Handed Swordsman
36:00 Plate Mail Armor
35:51 Chain Barding Armor
35:59 Champion
40:17 Elite Battle Elephant
42:03 Elite Battle Elephant
44:09 Conscription
44:00 Howdah
44:22 Manipur Cavalry
Bear
6:12 Loom
9:14 Feudal Age
14:35 Castle Age
13:25 Double-Bit Axe
21:41 Stone Mining
24:06 Wheelbarrow
23:52 Town Watch
24:54 Gold Mining
27:27 Horse Collar
30:02 Pikeman
33:59 Fortified Wall
36:03 Masonry
39:27 Hand Cart
39:12 Town Patrol
45:17 Imperial Age
45:47 Tusk Swords
Connection lost

Rejoining the realm…

Still unreachable

The connection could not be restored.

Session expired

The server has moved on; the page needs a fresh start.